 Dungeon Crawl Stone Soup version 0.30-a0-137-gd8773701ce (webtiles) character file.

Game seed: 14122280351469768647

155 ryw the Trooper (level 5, -5/46 HPs)
             Began as a Demonspawn Monk on Sept 22, 2022.
             Killed by divine providence
             ... invoked by an orc priest
              (10 damage)
             ... on level 5 of the Dungeon.
             The game lasted 00:04:58 (3665 turns).

ryw the Trooper (Demonspawn Monk)                   Turns: 3665, Time: 00:04:59

Health: -5/46      AC: 12    Str: 12    XL:     5   Next: 14%
Magic:  5/5        EV: 12    Int: 11    God:
Gold:   169        SH:  4    Dex: 17    Spells: 4/4 levels left

rFire   . . .      SeeInvis .    v - +4 short sword (protect)
rCold   . . .      Faith    .    d - +0 buckler
rNeg    . . .      Spirit   .    a - +0 robe
rPois   +          Reflect  .    (no helmet)
rElec   .          Harm     .    (no cloak)
rCorr   .          Rampage  .    (no gloves)
Will    .....                    f - +0 pair of boots
Stlth   ++........               (no amulet)
HPRegen 0.15/turn                p - ring of poison resistance
MPRegen 0.09/turn                (no ring)

@: under a protective aura
A: icy blue scales 1, weakness stinger 2
a: no special abilities


You were on level 5 of the Dungeon.
You visited 1 branch of the dungeon, and saw 5 of its levels.

You collected 169 gold pieces.

Inventory:

Hand Weapons
 j - a +3 dagger
 v - a +4 short sword of protection (weapon)
Missiles
 k - 2 throwing nets (quivered)
 t - 4 poisoned darts
Armour
 a - a +0 robe (worn)
 d - a +0 buckler (worn)
 f - a +0 pair of boots (worn)
Jewellery
 p - a ring of poison resistance (left hand)
Wands
 o - a wand of mindburst (20)
Scrolls
 c - a scroll of summoning {unknown}
 e - a scroll of blinking {unknown}
 m - 2 scrolls of noise {unknown}
 n - 2 scrolls of identify {unknown}
 r - a scroll of poison {unknown}
 s - a scroll of brand weapon {unknown}
Potions
 b - a potion of ambrosia
 g - 2 potions of attraction {unknown}
 h - 4 potions of curing {unknown}
 i - a potion of lignification {unknown}
 l - 2 potions of brilliance {unknown}
 q - a potion of haste {unknown}
 u - a potion of flight {unknown}
 w - a potion of cancellation {unknown}


   Skills:
 + Level 5.9 Fighting
 - Level 2.6 Dodging
 - Level 1.7 Stealth
 - Level 2.6 Unarmed Combat


You had 4 spell levels left.
You didn't know any spells.
Your spell library contained the following spells:

 Spells                   Type           Power      Damage    Failure   Level
 Apportation              Tloc           0%         N/A       43%         1
 Sting                    Tmut/Pois      0%         1d3       43%         1
 Poisonous Vapours        Pois/Air       0%         N/A       58%         2
 Olgreb's Toxic Radiance  Pois           0%         N/A       99%         4
 Alistair's Intoxication  Tmut/Pois      0%         N/A       100%        5


Dungeon Overview and Level Annotations

Branches:
Dungeon (5/15)
 Temple: D:4-7

Altars:
Gozag

Shops:
D:2 :


Innate Abilities, Weirdness & Mutations

You are partially covered in icy blue scales. (AC +2)
You have a tail ending in a sharp stinger.


Message History

The endoplasm freezes you.
You are frozen.
You are too injured to fight recklessly!
You are too injured to fight recklessly!
You are too injured to fight recklessly!
You hit the orc priest but do no damage.
The orc priest is moderately wounded.
The orc priest calls down the wrath of Beogh upon you.
Pain shoots through your body! The endoplasm barely misses you.
You hit the orc priest but do no damage.
Your tail-slap misses the orc priest.
The orc priest is moderately wounded.
The endoplasm freezes you.
You are frozen.
The orc priest barely misses you.
You hit the orc priest. You tail-slap the orc priest.
The orc priest is heavily wounded.
The orc priest misses you. The endoplasm freezes you.
You are frozen.
* * * LOW HITPOINT WARNING * * *
The orc priest hits you but does no damage.
The endoplasm freezes you.
You are frozen.
* * * LOW HITPOINT WARNING * * *
You hit the orc priest.
The orc priest is heavily wounded.
The endoplasm closely misses you. The orc priest closely misses you.
Unknown command.
You barely miss the orc priest.
The orc priest is heavily wounded.
The endoplasm hits you but does no damage.
The orc priest hits you with a +0 dagger.
* * * LOW HITPOINT WARNING * * *
Unknown command.
You hit the orc priest.
You tail-slap the orc priest, but do no damage.
The orc priest is severely wounded.
The orc priest invokes the aid of Beogh against you.
Beogh smites you!
You die...

#......#
......# ......#
#.....# ##+
#.....#
#...##.....##..
#......o.......
#......@J......
#...#########..
+


You could see an orc priest and an endoplasm.

Vanquished Creatures
  An orc wizard (D:3)
  6 adders
  A worm (D:3)
  3 dart slugs
  An orc (D:3)
  8 endoplasms
  2 giant cockroaches (D:3)
  5 goblins
  4 hobgoblins
  4 jackals (D:1)
  5 quokkas
  5 ball pythons
  8 bats
  4 frilled lizards
  3 kobolds
  6 rats
66 creatures vanquished.

Notes
Turn   | Place    | Note
-------+----------+-------------------------------------------
     0 | D:1      | ryw the Demonspawn Monk began the quest for the Orb.
     0 | D:1      | Reached XP level 1. HP: 18/18 MP: 1/1
   118 | D:1      | You fall into a shaft and drop 1 floor!
   533 | D:1      | Gained mutation: You have a small tail. [demonic ancestry]
   533 | D:1      | Reached XP level 2. HP: 13/24 MP: 2/2
  1090 | D:1      | Reached skill level 4 in Fighting
  1408 | D:2      | Found Eddazano's Book Emporium.
  1445 | D:2      | Gained mutation: You have a tail ending in a sharp stinger.
                  | [demonic ancestry]
  1445 | D:2      | Reached XP level 3. HP: 28/30 MP: 3/3
  2239 | D:3      | Found a faded altar of an unknown god.
  2432 | D:3      | Reached XP level 4. HP: 26/38 MP: 4/4
  2617 | D:3      | Reached skill level 5 in Fighting
  3479 | D:4      | Gained mutation: You are partially covered in icy blue
                  | scales. (AC +2) [demonic ancestry]
  3479 | D:4      | Reached XP level 5. HP: 45/45 MP: 5/5
  3624 | D:4      | Found an opulent altar of Gozag.
  3655 | D:5      | Entered Level 5 of the Dungeon
  3665 | D:5      | Killed from afar by an orc priest

Illustrated notes

Levels and vault maps discovered:
D:1:      minmay_arrival_checkered_box, layout_loops_ring, nrook_mini_backslash,
          supply_closet_lemuel, minmay_statues_item
D:2:      layout_loops_ring, serial_shops, shop
D:3:      layout_loops_ring, nicolae_ecumenical_lake_church, hex_tiny,
          minmay_misc_feat_square, minmay_circle_x
D:4:      layout_rooms, mainiacjoe_overflow_surrounded_room,
          minmay_temple_entry_waves, portal_sewer_entry_e, grunt_decor_fettered,
          hangedman_decor_push, minmay_crystal_water
D:5:      layout_gridville, gammafunk_ghost_arena, serial_bayou_pond_b,
          serial_park_tiny_pond, st_stairs_14, uniq_sigmund

Skill      XL: |  1  2  3  4 |
---------------+-------------+-----
Fighting       | 4 5 |  5.9
Dodging        | |  2.6
Stealth        | |  1.7
Unarmed Combat | |  2.6

Action                   |  1- 3 |  4- 6 || total
-------------------------+-------+-------++-------
Melee: Unarmed           |   114 |       ||   114
       Dagger            |    52 |    96 ||   148
       Tailslap          |    13 |    24 ||    37
       Short sword       |       |    14 ||    14
 Stab: Sleeping          |     8 |     2 ||    10
Armor: Robe              |    35 |    28 ||    63
Dodge: Dodged            |    91 |    90 ||   181
Block: Buckler           |    19 |    21 ||    40

Table legend: (Time is in decaauts)
 A = Elapsed time spent in this place.
 B = Non-inter-level travel time spent in this place.
 C = Inter-level travel time spent in this place.
 D = Time resting spent in this place.
 E = Time spent auto-exploring this place.
 F = Levels seen in this place.
 G = Mean time per level.
                   A        B        C        D        E       F      G
               +--------+--------+--------+--------+--------+-----+--------+
         Total |   3670 |   3571 |     99 |    200 |   2695 |   5 |  734.0 |
       Dungeon |   3670 |   3571 |     99 |    200 |   2695 |   5 |  734.0 |
               +--------+--------+--------+--------+--------+-----+--------+

Top non-repeatable levels by time:
     D:1: 1390 daAuts
     D:3: 1123 daAuts
     D:2: 838 daAuts
     D:4: 307 daAuts
     D:5: 10 daAuts
